 Dungeon Sprint DCSS version 0.18-a0-1035-g72c9994 (webtiles) character file.

2 pipel the Grave Robber (level 1, -2/16 HPs)
             Began as a Troll Necromancer on Jan 9, 2016.
             Was an Initiate of Cheibriados.
             Slain by a gnoll
             ... wielding a +2 spear of freezing
              (9 damage)
             ... in the Dungeon (Sprint VII: "The Pits").
             The game lasted 00:01:07 (79 turns).

pipel the Grave Robber (Troll Necromancer)            Turns: 79, Time: 00:01:07

Health: -2/16      AC:  5    Str: 16    XL:     1   Next: 33%
Magic:  1/1        EV: 10    Int: 12    God:    Cheibriados [......]
Gold:   0          SH:  0    Dex: 11    Spells: 2 memorised, 0 levels left

rFire  . . .     SeeInvis .     (no weapon)
rCold  . . .     Gourm    +     a - +0 robe
rNeg   . . .     Faith    .     (no shield)
rPois  .         Spirit   .     (helmet restricted)
rElec  .         Dismiss  .     (no cloak)
rCorr  .         Reflect  .     (gloves unavailable)
SustAt .         Harm     .     (boots unavailable)
MR     .....     NoTele   +     (no amulet)
Stlth  +.........               (no ring)
                                (no ring)

@: very slow, not resistant to hostile enchantments, very unstealthy
A: unfitting armour, claws 3, fast metabolism 3, gourmand, regeneration 2,
shaggy fur 1, tough skin 2
a: Bend Time, Renounce Religion


You were in the Dungeon.
You worshipped Cheibriados.
Cheibriados was noncommittal.
You were not hungry.

You visited 1 branch

Inventory:

Missiles
 p - 10 stones (quivered)
Armour
 a - a +0 robe (worn)
Magical Staves
 q - an uncursed staff of energy
Scrolls
 i - a scroll of blinking
 m - 3 scrolls of remove curse
 n - 5 scrolls of amnesia
 o - a scroll of summoning
Potions
 d - a potion of curing
 e - a potion of heal wounds
 f - a potion of haste
 g - 4 potions of magic
 h - 3 potions of berserk rage
 l - 2 potions of invisibility
Books
 b - a book of Necromancy

   Spells                             Type                      Level
   a - Pain                           Necromancy                   1
   b - Animate Skeleton               Necromancy                   1
   c - Vampiric Draining              Necromancy                   3
   d - Regeneration                   Charms/Necromancy            3
   e - Animate Dead                   Necromancy                   4
   f - Control Undead                 Necromancy                   4
Comestibles
 c - 9 bread rations
 j - 40 fruits
 k - 7 meat rations
 r - 3 chunks of flesh


   Skills:
 + Level 0.2 Fighting
 - Level 1.8 Dodging
 - Level 1.2 Stealth
 + Level 0.4 Unarmed Combat
 - Level 1.3 Spellcasting
 - Level 3.6 Necromancy


You couldn't memorise any spells.
You knew the following spells:

 Your Spells              Type           Power        Failure   Level  Hunger
a - Animate Skeleton      Necr           N/A          10%         1    ##.....
p - Pain                  Necr           #...         10%         1    ##.....


Dungeon Overview and Level Annotations

Branches:
Dungeon (1/1)

Altars:
Ashenzari
Cheibriados
Dithmenos
Elyvilon
Fedhas
Kikubaaqudgha
Makhleb
Nemelex Xobeh
Okawaru
Pakellas
Ru
Sif Muna
Trog
Vehumet
Xom
Yredelemnul
Zin
The Shining One
Beogh
Jiyva
Lugonu


Innate Abilities, Weirdness & Mutations

You are too large for most types of armour.
You have claws for hands.
Your metabolism is lightning-fast.
You like to eat raw meat.
You heal very quickly.
You are covered in fur (AC +1).
You have very tough skin (AC +2).


Message History

There is an open door here.
MP restored: 1 Your orc skeleton barely misses the giant newt.
The giant newt bites you but does no damage.
Something hits the giant newt.
The giant newt dies!
Cheibriados appreciates the change of pace.
There is an open door here.
You see here 2 scrolls of vulnerability.
You swing at nothing.
You closely miss the gnoll. The gnoll barely misses you.
Something hits the gnoll.
You claw the gnoll!
The gnoll is severely wounded.
The gnoll barely misses you.
Something hits the gnoll.
You barely miss the gnoll.
The gnoll is severely wounded.
The gnoll hits you with a spear of freezing!
Ouch! That really hurt!
You die...

############
#__________#
#__________#
#_#####'##############++
# #)))'.g..##...........
#)))#.#@.##......#..#
######g#####..........
#.......Z...'...........
#+#####'#####......#..#.
#..# #........... +..#
####'#####+ ####
#.......# #.......#
#.......#


You could see a gnoll.

Vanquished Creatures
  An orc (D)
1 creature vanquished.

Vanquished Creatures (collateral kills)
  A giant newt (D)
1 creature vanquished.

Vanquished Creatures (others)
  An eye of draining (D)
1 creature vanquished.

Grand Total: 3 creatures vanquished

Notes
Turn   | Place    | Note
--------------------------------------------------------------
     0 | D        | pipel the Troll Necromancer began the quest for the Orb.
     0 | D        | Reached XP level 1. HP: 16/16 MP: 1/1
    10 | D        | Killed an eye of draining
    20 | D        | Learned a level 1 spell: Animate Skeleton
    41 | D        | Found a sacrificial altar of Ru.
    41 | D        | Found a basalt altar of Yredelemnul.
    41 | D        | Found a shadowy altar of Dithmenos.
    41 | D        | Found a deep blue altar of Sif Muna.
    41 | D        | Found a burning altar of Makhleb.
    41 | D        | Found a shimmering altar of Xom.
    41 | D        | Found an ancient bone altar of Kikubaaqudgha.
    41 | D        | Found a sparkling altar of Nemelex Xobeh.
    42 | D        | Found a glowing golden altar of the Shining One.
    42 | D        | Found a bloodstained altar of Trog.
    42 | D        | Found a shattered altar of Ashenzari.
    42 | D        | Found a white marble altar of Elyvilon.
    42 | D        | Found a snail-covered altar of Cheibriados.
    42 | D        | Found a blossoming altar of Fedhas.
    42 | D        | Found a radiant altar of Vehumet.
    42 | D        | Found a glowing silver altar of Zin.
    42 | D        | Found a corrupted altar of Lugonu.
    42 | D        | Found a viscous altar of Jiyva.
    42 | D        | Found a roughly hewn altar of Beogh.
    42 | D        | Found an iron altar of Okawaru.
    43 | D        | Found an oddly glowing altar of Pakellas.
    47 | D        | Became a worshipper of Cheibriados the Contemplative
    79 | D        | Slain by a gnoll

Vault maps used:
D:        pitsprint

Action                   || total
-------------------------++-------
Melee: Unarmed           ||    10
 Cast: Animate Skeleton  ||     1
